 Dungeon Crawl Stone Soup version 0.32-a0-485-g70f7560b1c (webtiles) character file.

Game seed: 1180996844538455721

64 retardedninja the Shield-Bearer (level 3, -3/33 HPs)
             Began as a Mountain Dwarf Fighter on Feb 26, 2024.
             Slain by a ribbon worm (5 damage)
             ... on level 2 of the Dungeon.
             The game lasted 00:01:28 (1200 turns).

retardedninja the Shield-Bearer (MDFi)              Turns: 1200, Time: 00:01:29

Health: -3/33      AC:  7    Str: 20    XL:     3   Next: 91%
Magic:  3/3        EV:  9    Int:  8    God:
Gold:   127        SH:  4    Dex:  9    Spells: 2/2 levels left

rFire   . . .        a - +0 war axe
rCold   . . .        c - +0 buckler
rNeg    . . .        b - +0 scale mail
rPois   .            (no helmet)
rElec   .            (no cloak)
rCorr   .            (no gloves)
SInv    .            (no boots)
Will    .....        (no amulet) Stlth
                     (no ring)
HPRegen 0.25/turn    (no ring)
MPRegen 0.08/turn

%: no passive effects
@: brilliant, lethally poisoned (-3 -> -6)
A: runic magic, artefact enchanting
a: no special abilities


You were on level 2 of the Dungeon.
You visited 1 branch of the dungeon, and saw 2 of its levels.

You collected 127 gold pieces.

Inventory:

Hand Weapons
 a - a +0 war axe (weapon)
Armour
 b - a +0 scale mail (worn)
 c - a +0 buckler (worn)
Jewellery
 i - a ring of flight
 k - an amulet of faith
 l - a ring of resist corrosion
Scrolls
 e - 5 scrolls of identify {unknown}
 f - a scroll of silence {unknown}
 g - a scroll of immolation {unknown}
 h - 3 scrolls of revelation {unknown}
 m - a scroll of fear {unknown}
Potions
 d - a potion of might


   Skills:
 + Level 3.9 Fighting
 + Level 3.3 Axes
 + Level 3.9 Armour
 + Level 3.9 Shields


You had 2 spell levels left.
You didn't know any spells.
Your spell library contained the following spells:

 Spells                   Type           Power      Damage    Failure   Level
 Blink                    Tloc           0%         N/A       71%         2
 Jinxbite                 Hex            0%         N/A       71%         2
 Lesser Beckoning         Tloc           0%         N/A       71%         2
 Momentum Strike          Conj/Tloc      0%         3d8       71%         2
 Yara's Violent Unravell  Hex/Alch       0%         3d3       100%        5
 Enfeeble                 Hex            0%         N/A       100%        7


Dungeon Overview and Level Annotations

Branches:
Dungeon (2/15)

Altars:


Innate Abilities, Weirdness & Mutations

Your spellcasting is much less encumbered by armour.
You can use scrolls of enchantment on lesser artefacts.


Message History

The kobold hits you but does no damage.
You barely miss the ribbon worm. You hit the kobold.
You kill the kobold!
You feel sick.
You barely miss the ribbon worm. You hit the endoplasm.
You kill the endoplasm!
You feel sick. The ribbon worm bites you.
You hit the ribbon worm but do no damage.
You closely miss the adder.
You feel sick.
You are no longer poisoned.
You block the adder's attack. You block the ribbon worm's attack.
The adder bites you.
You hit the ribbon worm.
The ribbon worm is moderately wounded.
You miss the adder. The adder barely misses you.
The ribbon worm expels a string of sticky webbing.
The stream of webbing hits you but does no damage.
You are caught in a web!
The adder bites you but does no damage.
The web tears apart.
You block the adder's attack. The ribbon worm bites you.
You barely miss the adder.
The adder is severely wounded.
You hit the ribbon worm. The adder closely misses you.
You block the ribbon worm's attack. The adder bites you.
You miss the adder.
The adder is severely wounded.
You barely miss the ribbon worm. The adder bites you.
You are poisoned.
The adder poisons you!
The ribbon worm expels a string of sticky webbing.
The stream of webbing hits you but does no damage.
You are caught in a web!
The adder barely misses you.
The web tears apart.
You feel sick. The adder barely misses you. The ribbon worm bites you.
* * * LOW HITPOINT WARNING * * *
Okay, then.
It was a potion of brilliance.
You feel clever all of a sudden.
* * * LOW HITPOINT WARNING * * *
You feel sick. The adder closely misses you. The ribbon worm bites you.
You die...

#..# #...............###
##.# #...............###
#.# #..................
#.# #....(..........#..
#.#####.............#...
#...####..............##
###.......##...###....##
.......#...##....##
####.##
...........@S....# #...
..........##w....# #.##
.......##.##.....# # #
.=..... #.##.....# #
#####.. ..#....)##
.............#
................
....w........#
............##


You could see a ribbon worm (catching breath) and an adder.

Vanquished Creatures
  An adder (D:2)
  A gnoll (D:1)
  2 dart slugs
  3 bats
  5 endoplasms
  4 giant cockroaches
  3 goblins
  3 hobgoblins (D:2)
  2 jackals (D:1)
  A quokka (D:2)
  3 ball pythons (D:1)
  2 frilled lizards (D:1)
  6 kobolds
  2 rats
38 creatures vanquished.

Notes
Turn   | Place    | Note
-------+----------+-------------------------------------------
     0 | D:1      | retardedninja the Mountain Dwarf Fighter began the quest
                  | for the Orb.
     0 | D:1      | Reached XP level 1. HP: 19/19 MP: 1/1
   125 | D:1      | Reached XP level 2. HP: 23/26 MP: 2/2
   584 | D:1      | Reached XP level 3. HP: 23/33 MP: 3/3
   867 | D:2      | Found a faded altar of an unknown god.
  1200 | D:2      | Slain by a ribbon worm

Illustrated notes

Levels and vault maps discovered:
D:1:      eino_arrival_tree_alley, layout_loops_ring, chequers_arboretum,
          nicolae_grassy_gnolls
D:2:      layout_rooms, nicolae_ecumenical_pavilion

Skill      XL: |  1  2 |
---------------+-------+-----
Axes           | 3 |  3.3
Fighting       | |  3.9
Armour         | |  3.9
Shields        | |  3.9

Action                     || total
---------------------------++-------
  Melee: War axe           ||   120
    Use: Potion            ||     1
 Armour: Scale mail        ||   118
  Dodge: Dodged            ||    79
  Block: Buckler           ||    38

Table legend: (Time is in decaauts)
 A = Elapsed time spent in this place.
 B = Non-inter-level travel time spent in this place.
 C = Inter-level travel time spent in this place.
 D = Time resting spent in this place.
 E = Time spent auto-exploring this place.
 F = Levels seen in this place.
 G = Mean time per level.
                   A        B        C        D        E       F      G
               +--------+--------+--------+--------+--------+-----+--------+
         Total |   1247 |   1234 |     13 |      0 |    952 |   2 |  623.5 |
       Dungeon |   1247 |   1234 |     13 |      0 |    952 |   2 |  623.5 |
               +--------+--------+--------+--------+--------+-----+--------+

Top non-repeatable levels by time:
     D:1: 819 daAuts
     D:2: 428 daAuts
